[Event "Team 45 45 League T63"]
[Site "Internet Chess Club"]
[Date "2014.12.01"]
[Round "1"]
[White "princevultan2"]
[Black "Kandor"]
[Result "0-1"]
[WhiteElo "1120"]
[BlackElo "1289"]
[Opening "Sicilian: Alapin's variation (2.c3)"]
[ECO "B22"]
[Time "19:00:25"]
[TimeControl "2700+45"]

1. e4 c5 2. c3 d5 3. exd5 Qxd5 4. d4 cxd4 5. cxd4 Nc6 6. Nf3 Bg4 7. Nc3 Qd8 8.
Be3 e5 9. dxe5 Qxd1+ 10. Rxd1 Bxf3 11. gxf3 Nxe5 12. f4 Ng4 13. Bd4 Ne7 14. h3
Nh6 15. Bc4 Nhf5 16. Bb5+ Nc6 17. Bxc6+ bxc6 18. Rg1 Nxd4 19. Rxd4 Rb8 20. b4
Rxb4 21. Rd2 Rxf4 22. Re2+ Be7 23. Rxg7 Kf8 24. Rg3 Rg8 25. Rb2 Rxg3 26. fxg3
Rf3 27. Ne4 Re3+ 28. Re2 Rxe2+ 29. Kxe2 f5 30. Nd2 Bb4 31. Nc4 Kf7 32. Ke3 Kf6
33. Kf4 h5 34. g4 hxg4 35. hxg4 fxg4 36. Kxg4 Ke6 37. Kf3 Kd5 38. Nb2 a5 39. Ke2
c5 40. Kd3 Be1 41. a3 Kc6 42. a4 Kd5 43. Nc4 Kc6 44. Ne5+ Kd5 45. Nc4 Kc6 46.
Nd2 Bxd2 47. Kxd2 Kd5 48. Kc3 c4 49. Kc2 Kd4 50. Kd2 c3+ 51. Kc2 Kc4 52. Kc1 Kb3
53. Kb1 Kxa4 54. Kc2 Kb4 55. Kc1 a4 56. Kc2 a3 57. Kb1 Kb3 58. Ka1 Kc4 59. Kb1
Kd3 60. Kc1 a2 61. Kd1 a1=Q# {White checkmated} 0-1

[Event "Team 45 45 League T63"]
[Site "Internet Chess Club"]
[Date "2014.11.30"]
[Round "1"]
[White "dabodhi"]
[Black "Aquaman"]
[Result "1-0"]
[WhiteElo "1370"]
[BlackElo "1364"]
[Opening "Scandinavian defense"]
[ECO "B01"]
[Time "15:01:12"]
[TimeControl "2700+45"]

1. e4 d5 2. exd5 Nf6 3. Bb5+ Nbd7 4. d4 Nxd5 5. Nf3 a6 6. Be2 e6 7. O-O Be7 8.
c4 N5f6 9. Nc3 c6 10. Be3 O-O 11. Qd2 Bd6 12. c5 Be7 13. Bd3 Nd5 14. Bg5 N7f6
15. Rfe1 Bd7 16. Re2 Ne8 17. Bxe7 Nxe7 18. Ng5 g6 19. h4 Ng7 20. Nce4 Nd5 21.
Nd6 Rb8 22. Be4 Nf6 23. Qf4 Ngh5 24. Qf3 Nd5 25. Ndxf7 Qf6 26. Qxf6 Nhxf6 27.
Nd6 b6 28. cxb6 Rxb6 29. Nc4 Rb4 30. b3 Nc3 31. Re3 Nb5 32. Rd1 Na7 33. Ne5 Be8
34. Nxe6 Rb8 35. Nxf8 Kxf8 36. Bf3 Kg7 37. d5 cxd5 38. Bxd5 Nxd5 39. Rxd5 Nb5
40. Red3 Nc7 41. Rd8 Rxd8 42. Rxd8 Bb5 43. a4 Be8 44. Rc8 Kf6 45. Ng4+ Kf5 46.
Ne3+ Ke6 47. Rxc7 Bd7 48. Ra7 Bc8 49. Rxh7 Kf6 50. Rh8 Be6 51. b4 Bb3 52. a5 Kg7
53. Ra8 Ba4 54. Rxa6 Kf7 55. Rd6 Bb5 56. Rd5 Bc6 57. Rc5 Ba4 58. b5 {Black
resigns} 1-0

[Event "Team 45 45 League T63"]
[Site "Internet Chess Club"]
[Date "2014.11.30"]
[Round "1"]
[White "semperfi"]
[Black "seattleblues"]
[Result "1-0"]
[WhiteElo "1389"]
[BlackElo "1457"]
[Opening "Queen's pawn: Yusupov-Rubinstein system"]
[ECO "A46"]
[Time "19:01:40"]
[TimeControl "2700+45"]

1. d4 Nf6 2. Nf3 e6 3. e3 Bb4+ 4. c3 Be7 5. Bd3 b6 6. Nbd2 Bb7 7. b3 O-O 8. Bb2
c5 9. O-O Nc6 10. Qe2 Re8 11. e4 cxd4 12. cxd4 Nb4 13. e5 Nxd3 14. Qxd3 Nd5 15.
Qe4 Rb8 16. Nc4 Nb4 17. Qg4 Nd3 18. Bc3 Nb4 19. Nd6 Bxd6 20. exd6 Nd5 21. Bd2
Nf6 22. Qh3 Be4 23. Rfe1 Bf5 24. Qh4 Rc8 25. Rac1 Rxc1 26. Rxc1 Qa8 27. Ne5 Qd5
28. Rc7 Qxd6 29. Rxa7 Rd8 30. f3 Qb8 31. Ra4 Nd5 32. Rc4 b5 33. Rc1 f6 34. Ng4
Nf4 35. Bxf4 e5 36. dxe5 Bxg4 37. Qxg4 Qb6+ 38. Kf1 Qd4 39. Re1 Qd3+ 40. Re2
Qd1+ 41. Kf2 Qd4+ 42. Kg3 Re8 43. Qf5 Re6 44. Qe4 Qa7 45. Qd5 Kh8 46. Rc2 Qb8
47. Qxd7 Re8 48. exf6 {Black resigns} 1-0

[Event "Team 45 45 League T63"]
[Site "Internet Chess Club"]
[Date "2014.11.28"]
[Round "1"]
[White "Just-Jim"]
[Black "RobertBuice"]
[Result "0-1"]
[WhiteElo "1299"]
[BlackElo "1185"]
[Opening "Caro-Kann: Bronstein-Larsen variation"]
[ECO "B16"]
[Time "13:00:11"]
[TimeControl "2700+45"]

1. d4 d5 2. Nc3 c6 3. e4 dxe4 4. Nxe4 Nf6 5. Nxf6+ gxf6 6. h3 e5 7. Be3 exd4 8.
Bd2 c5 9. Qc1 Qe7+ 10. Be2 Bg7 11. Bh6 Bxh6 12. Qxh6 Nc6 13. Qd2 b6 14. Nf3 Ba6
15. O-O Qxe2 16. Qxe2+ Bxe2 17. Rfe1 O-O-O 18. Rxe2 Rde8 19. Rae1 Rxe2 20. Rxe2
c4 21. Nh4 d3 22. cxd3 cxd3 23. Rd2 Rd8 24. a3 a5 25. Nf5 Kb7 26. Nh6 Ne5 27. f4
Nc4 28. Rd1 Nxb2 29. Nxf7 Rd4 30. Rb1 d2 31. Rxb2 d1=Q+ 32. Kh2 Rd2 33. Rb5 Ka6
34. Rh5 Qf3 {White resigns} 0-1

[Event "Team 45 45 League T63"]
[Site "Internet Chess Club"]
[Date "2014.11.30"]
[Round "1"]
[White "artspir"]
[Black "jjaco"]
[Result "1-0"]
[WhiteElo "1187"]
[BlackElo "1032"]
[Opening "Queen's bishop game"]
[ECO "D02"]
[Time "09:00:18"]
[TimeControl "2700+45"]

1. d4 d5 2. Nf3 Nf6 3. Bf4 Bf5 4. Nbd2 e6 5. c3 Nc6 6. e3 Be7 7. Bb5 O-O 8. O-O
a6 9. Ba4 Ne4 10. Nxe4 Bxe4 11. Bc2 Bg6 12. Ne5 Nxe5 13. Bxe5 Bf6 14. Bxf6 Qxf6
15. Bxg6 fxg6 16. Qb3 Rab8 17. c4 Qd8 18. cxd5 exd5 19. Rac1 c6 20. e4 h6 21. e5
Re8 22. Rce1 Re6 23. Qh3 Qe7 24. f4 Rf8 25. g4 Qd8 26. g5 hxg5 27. Qxe6+ Kh7 28.
Re3 g4 29. Qxg4 Rf5 30. Rh3+ Rh5 31. Rxh5+ gxh5 32. Qxh5+ Kg8 33. e6 Qe7 {Black
resigns} 1-0

[Event "Team 45 45 League T63"]
[Site "Internet Chess Club"]
[Date "2014.11.30"]
[Round "1"]
[White "guyd52"]
[Black "KingOfClubs"]
[Result "1-0"]
[WhiteElo "1344"]
[BlackElo "1357"]
[Opening "Réti opening"]
[ECO "A05"]
[Time "19:00:15"]
[TimeControl "2700+45"]

1. Nf3 Nf6 2. g3 d5 3. Bg2 c6 4. d3 Nbd7 5. O-O e5 6. Nbd2 Bd6 7. c3 O-O 8. e4
Nb6 9. Re1 Bg4 10. Qb3 Re8 11. Nh4 Be6 12. Qc2 Bc5 13. b4 Be7 14. Nhf3 dxe4 15.
Nxe4 Nxe4 16. Rxe4 f6 17. Nh4 f5 18. Rxe5 Bxh4 19. gxh4 Qxh4 20. Qe2 Bd7 21.
Rxe8+ Rxe8 22. Qf3 Re1+ 23. Bf1 Nd5 24. Bb2 Rxa1 25. Bxa1 Qg5+ 26. Qg3 Qc1 27.
Qd6 Qxa1 28. Qxd7 Nxc3 29. Qe8# {Black checkmated} 1-0

[Event "Team 45 45 League T63"]
[Site "Internet Chess Club"]
[Date "2014.11.29"]
[Round "1"]
[White "arconia"]
[Black "Toalla"]
[Result "0-1"]
[WhiteElo "1273"]
[BlackElo "1302"]
[Opening "Sicilian defense"]
[ECO "B20"]
[Time "12:07:54"]
[TimeControl "2700+0"]

1. e4 c5 2. Bc4 e6 3. Nc3 a6 4. Nf3 Be7 5. a3 Nc6 6. Ne2 b5 7. Ba2 Nf6 8. e5 Ng4
9. d4 cxd4 10. Nexd4 Ncxe5 11. Nxe5 Nxe5 12. O-O O-O 13. f4 Ng6 14. f5 Ne5 15.
Bf4 Nc6 16. Nxc6 dxc6 17. Qh5 Qd4+ 18. Kh1 g6 19. fxg6 hxg6 20. Qh6 Qg7 21.
Qxg7+ Kxg7 22. Rf3 Bb7 23. Rh3 Rfd8 24. Bh6+ Kg8 25. Rf1 c5 26. Bb1 Bf8 27. Bg5
Re8 28. c3 Bg7 29. Re3 c4 30. h4 f5 31. h5 gxh5 32. Rh3 Rac8 33. Rxh5 Re7 {White
forfeits on time} 0-1

[Event "Team 45 45 League T63"]
[Site "Internet Chess Club"]
[Date "2014.11.29"]
[Round "1"]
[White "WzeroMN"]
[Black "rhayder"]
[Result "1-0"]
[WhiteElo "1094"]
[BlackElo "1373"]
[Opening "Ruy Lopez: exchange variation"]
[ECO "C68"]
[Time "16:23:07"]
[TimeControl "2700+45"]

1. e4 e5 2. Nf3 Nc6 3. Bb5 a6 4. Bxc6 dxc6 5. h3 Nf6 6. d3 Bd6 7. O-O h6 8. Nc3
b5 9. a3 Be6 10. b4 O-O 11. Bb2 Nd7 12. Re1 c5 13. Nd5 c6 14. Ne3 cxb4 15. axb4
Bxb4 16. Re2 Qc7 17. Ba3 Bxa3 18. Rxa3 b4 19. Ra1 a5 20. d4 exd4 21. Nxd4 c5 22.
Nxe6 Qe5 23. Nxf8 Kxf8 24. Qxd7 Qxa1+ {Black resigns} 1-0

[Event "Team 45 45 League T63"]
[Site "Internet Chess Club"]
[Date "2014.11.28"]
[Round "1"]
[White "chips"]
[Black "WilmaP"]
[Result "0-1"]
[WhiteElo "1135"]
[BlackElo "1177"]
[Opening "Polish (Sokolsky) opening"]
[ECO "A00"]
[Time "15:43:50"]
[TimeControl "2700+45"]

1. b4 d6 2. Bb2 e5 3. c4 Nd7 4. e4 a6 5. d4 b6 6. Nf3 Qf6 7. d5 Ne7 8. Bc1 c6 9.
Qd2 cxd5 10. cxd5 Ng6 11. Qg5 Be7 12. Qxf6 Nxf6 13. Bg5 Nxe4 14. Bd3 Nxg5 15.
Bxg6 Nxf3+ 16. gxf3 fxg6 17. O-O Bb7 18. Nc3 O-O 19. Rad1 Rxf3 {White resigns}
0-1

[Event "Team 45 45 League T63"]
[Site "Internet Chess Club"]
[Date "2014.11.29"]
[Round "1"]
[White "zap2"]
[Black "room-matt"]
[Result "1/2-1/2"]
[WhiteElo "1788"]
[BlackElo "1888"]
[Opening "Réti: King's Indian attack"]
[ECO "A05"]
[Time "15:04:02"]
[TimeControl "2700+45"]

1. Nf3 Nf6 2. g3 g6 3. Bg2 Bg7 4. d3 O-O 5. O-O d5 6. Nbd2 c5 7. e4 Nc6 8. Re1
d4 9. a4 b6 10. h3 Qc7 11. Nc4 Nd7 12. e5 Ba6 13. b3 Rad8 14. e6 fxe6 15. Ng5
Bxc4 16. bxc4 e5 17. Ne6 Qd6 18. Nxd8 Rxd8 19. Bd2 Qc7 20. Qg4 Kh8 21. Qe6 Ndb8
22. Bd5 Rf8 23. h4 Nd8 24. Qh3 Qd6 25. Bg5 e6 26. Be4 Nf7 27. Bd2 Nd7 28. a5 Bh6
29. Bxh6 Nxh6 30. g4 Nf6 31. f3 Nxe4 32. Rxe4 Qc7 33. a6 Nf7 34. Qg3 Kg8 35. Kg2
Qd8 36. f4 exf4 37. Rxf4 Nh6 38. Raf1 Rxf4 39. Qxf4 Qa8+ 40. Kg3 Kg7 41. Qf6+
Kg8 42. Qxe6+ Kg7 43. Qe7+ Kg8 44. Qe6+ Kg7 45. Qe5+ Kg8 46. Qd5+ Qxd5 47. cxd5
Nf7 48. Rxf7 Kxf7 49. Kf4 h6 50. g5 hxg5+ 51. hxg5 Ke7 52. Ke5 b5 53. d6+ Kd7
54. Kf6 Kxd6 55. Kxg6 c4 56. Kh7 cxd3 57. cxd3 b4 58. g6 b3 59. g7 b2 60. g8=Q
b1=Q 61. Qg6+ Kc5 62. Qf5+ Kb4 63. Qf8+ Ka4 64. Qf5 Qb5 65. Qe4 {Game drawn by
mutual agreement} 1/2-1/2

[Event "Team 45 45 League T63"]
[Site "Internet Chess Club"]
[Date "2014.11.28"]
[Round "1"]
[White "rayngrant"]
[Black "Salvatore"]
[Result "0-1"]
[WhiteElo "1589"]
[BlackElo "1623"]
[Opening "Sicilian: Pelikan, Chelyabinsk variation"]
[ECO "B33"]
[Time "20:01:12"]
[TimeControl "2700+45"]

1. e4 c5 2. Nf3 Nc6 3. d4 cxd4 4. Nxd4 Nf6 5. Nc3 e5 6. Ndb5 d6 7. Bg5 a6 8. Na3
b5 9. Nd5 Be7 10. Nxe7 Qxe7 11. c3 O-O 12. Be2 h6 13. Bxf6 Qxf6 14. O-O Ne7 15.
Qd2 Rd8 16. Rad1 Bb7 17. f3 Ng6 18. Nc2 Nf4 19. Qe1 Qg5 20. Qf2 Nh3+ {White
resigns} 0-1

[Event "Team 45 45 League T63"]
[Site "Internet Chess Club"]
[Date "2014.11.30"]
[Round "1"]
[White "hondocando"]
[Black "Herbie1"]
[Result "1-0"]
[WhiteElo "1615"]
[BlackElo "1637"]
[Opening "Caro-Kann: Bronstein-Larsen variation"]
[ECO "B16"]
[Time "07:00:38"]
[TimeControl "2700+45"]

1. e4 c6 2. Nc3 d5 3. d4 dxe4 4. Nxe4 Nf6 5. Nxf6+ gxf6 6. c3 Bf5 7. Nf3 e6 8.
Bd3 Bg6 9. h4 h5 10. Qc2 Rg8 11. g3 Qd5 12. Ke2 Na6 13. Be3 b5 14. Nd2 Rd8 15.
Ne4 Be7 16. Rhg1 c5 17. Bxb5+ Kf8 18. Bxa6 Bxe4 19. Bd3 Bf3+ 20. Kf1 Kg7 21. c4
Qd7 22. Be2 Bxe2+ 23. Qxe2 cxd4 24. Rd1 e5 25. Bd2 Qg4 26. f3 Qh3+ 27. Qg2 Qxg2+
28. Rxg2 f5 29. Bg5 f6 30. Bd2 Kf7 31. Kf2 Rg6 32. b4 Rdg8 33. Rdg1 e4 34. fxe4
fxe4 35. Be1 f5 36. c5 a5 37. a3 axb4 38. axb4 Ra8 39. Kf1 Rc6 40. Rf2 Kg6 41.
Rb2 Bf6 42. Rgg2 Rb8 43. Ra2 Rb5 44. Ra8 Be5 45. Rga2 e3 46. Ke2 f4 47. gxf4
Bxf4 48. Kd3 Be5 49. R8a6 Rf6 50. Ke4 Rxa6 51. Rxa6+ Bf6 52. Rb6 Rxb6 53. cxb6
Bd8 54. b7 Bc7 55. Kxd4 Kf5 56. Kxe3 Ke6 57. b5 Kd5 58. Kf3 Kc5 59. Bg3 Kb6 60.
Bxc7+ Kxc7 61. Kf4 Kxb7 62. Kg5 Kb6 63. Kxh5 Kxb5 64. Kg6 Kc6 65. Kg7 Kd7 66. h5
{Black resigns} 1-0

[Event "Team 45 45 League T63"]
[Site "Internet Chess Club"]
[Date "2014.11.29"]
[Round "1"]
[White "julesraider"]
[Black "Chesslov"]
[Result "1-0"]
[WhiteElo "1583"]
[BlackElo "1518"]
[Opening "Queen's pawn game"]
[ECO "E20"]
[Time "22:20:36"]
[TimeControl "2700+45"]

1. d4 e6 2. c4 Nf6 3. Nc3 a6 4. Nf3 d5 5. cxd5 Nxd5 6. e4 Nf6 7. Be2 Bb4 8. Qc2
O-O 9. O-O Nc6 10. Rd1 Qe7 11. a3 Ba5 12. Bg5 e5 13. Nd5 Qd8 14. dxe5 h6 15.
Nxf6+ Kh8 16. Rxd8 Rxd8 17. Bxh6 gxh6 18. e6 Bxe6 19. e5 Kg7 20. Qh7+ Kf8 21.
Qxh6+ Ke7 22. Qg5 Kf8 23. h4 Nd4 24. Nxd4 Rxd4 25. Qg8+ Ke7 26. Qxa8 Rd8 27.
Qxb7 Bc8 28. Qc6 Rd2 29. Qe8# {Black checkmated} 1-0

[Event "Team 45 45 League T63"]
[Site "Internet Chess Club"]
[Date "2014.12.02"]
[Round "1"]
[White "Schachteufel"]
[Black "Packerfan"]
[Result "1-0"]
[WhiteElo "1660"]
[BlackElo "1743"]
[Opening "Ruy Lopez: Schliemann defense"]
[ECO "C63"]
[Time "09:00:31"]
[TimeControl "2700+45"]

1. e4 e5 2. Nf3 Nc6 3. Bb5 f5 4. d3 Nf6 5. exf5 d6 6. O-O Be7 7. Nc3 O-O 8. Ng5
Qe8 9. Qf3 Kh8 10. Qh3 Qh5 11. Qxh5 Nxh5 12. Nd5 Bd8 13. g4 Nd4 14. Ba4 c6 15.
Nc3 Bxg5 16. Bxg5 Nf3+ 17. Kh1 Nxg5 18. gxh5 Bxf5 19. Rae1 Bh3 20. Rg1 Nf3 21.
Ne4 Nxe1 22. Rxe1 Rad8 23. Bb3 h6 24. Kg1 Bf5 25. Ng3 Rde8 26. f4 Be6 27. fxe5
Bxb3 28. axb3 Rxe5 29. Rxe5 dxe5 30. Ne4 Rf7 31. Nd6 Rd7 32. Nc4 Re7 33. Kf2 Kh7
34. Ke3 b5 35. Na5 Re6 36. b4 g5 37. Ke4 Kg7 38. Kf5 Kf7 39. b3 Rf6+ 40. Kxe5
Rf2 41. Nxc6 Rxh2 42. Nxa7 Rxc2 43. Nxb5 Rf2 44. Nd6+ Ke7 45. Nf5+ Rxf5+ 46.
Kxf5 Kd6 47. d4 Kd5 48. b5 Kd6 49. b4 Kc7 50. d5 Kb6 51. d6 Kb7 52. Ke5 Kc8 53.
b6 g4 54. Kf4 Kd7 55. b7 {Black resigns} 1-0

[Event "Team 45 45 League T63"]
[Site "Internet Chess Club"]
[Date "2014.11.30"]
[Round "1"]
[White "portis2"]
[Black "RD1974"]
[Result "1/2-1/2"]
[WhiteElo "1744"]
[BlackElo "1636"]
[Opening "Queen's pawn game"]
[ECO "E10"]
[Time "14:00:29"]
[TimeControl "2700+45"]

1. d4 Nf6 2. c4 e6 3. Nf3 d5 4. g3 c5 5. Bg2 Nc6 6. O-O Qc7 7. Nc3 cxd4 8. Nxd4
Nxd4 9. Qxd4 Bc5 10. Qh4 dxc4 11. Bf4 e5 12. Bg5 Be7 13. Nb5 Qc5 14. Nc3 Qc7 15.
Nb5 Qc5 16. Nc3 Qc7 17. Nb5 {Game drawn by repetition} 1/2-1/2

[Event "Team 45 45 League T63"]
[Site "Internet Chess Club"]
[Date "2014.12.01"]
[Round "1"]
[White "tryanything"]
[Black "krysto"]
[Result "0-1"]
[WhiteElo "1525"]
[BlackElo "1552"]
[Opening "French: Tarrasch, closed variation"]
[ECO "C05"]
[Time "17:03:21"]
[TimeControl "2700+45"]

1. e4 e6 2. d4 d5 3. Nd2 Nf6 4. exd5 exd5 5. Ngf3 Bd6 6. Bd3 O-O 7. O-O Bg4 8.
c3 Nbd7 9. Qc2 c6 10. Ng5 h6 11. Nh7 Re8 12. Nxf6+ Nxf6 13. Bf5 Qc7 14. h3 Be2
15. Bd3 Bxf1 16. Nxf1 Re1 17. Qd2 Rae8 18. g3 Qd7 19. Kg2 R1e7 20. b3 Ne4 21.
Bxe4 Rxe4 22. Ne3 f5 {White resigns} 0-1

[Event "Team 45 45 League T63"]
[Site "Internet Chess Club"]
[Date "2014.12.01"]
[Round "1"]
[White "backrankbrawler"]
[Black "zugknightly"]
[Result "1-0"]
[WhiteElo "1781"]
[BlackElo "1768"]
[Opening "Trompowsky attack (Ruth, Opocenský opening)"]
[ECO "A45"]
[Time "20:01:49"]
[TimeControl "2700+45"]

1. d4 Nf6 2. Bg5 Ne4 3. Bf4 c5 4. d5 Qb6 5. Bc1 g6 6. f3 Nd6 7. e4 Bg7 8. Nc3
O-O 9. Nh3 f5 10. Nf2 fxe4 11. Nfxe4 Nxe4 12. Nxe4 d6 13. c3 Bf5 14. Bd3 Bxe4
15. Bxe4 Nd7 16. Qe2 Nf6 17. Bc2 Qd8 18. Bg5 Qd7 19. Qd2 e6 20. O-O-O e5 21. h4
Nh5 22. Rdf1 Ng3 23. h5 Nxf1 24. Rxf1 Qf7 25. hxg6 hxg6 26. Rh1 Bf6 27. Be3 Bg7
28. Be4 Bf6 29. Rh6 Qe7 30. Rxg6+ Kf7 31. g4 Rh8 32. Qg2 Rag8 33. g5 Bg7 34. Re6
Qd8 35. Bg6+ Kf8 36. Qg4 Rh1+ 37. Kc2 Rgh8 38. Qf5+ Bf6 39. Rxf6+ Kg8 40. Qe6+
{Black resigns} 1-0

[Event "Team 45 45 League T63"]
[Site "Internet Chess Club"]
[Date "2014.11.29"]
[Round "1"]
[White "otherook"]
[Black "amicusUK"]
[Result "1-0"]
[WhiteElo "1768"]
[BlackElo "1656"]
[Opening "Catalan: closed, 5.Nf3"]
[ECO "E06"]
[Time "16:00:28"]
[TimeControl "2700+45"]

1. Nf3 Nf6 2. c4 e6 3. d4 d5 4. g3 Be7 5. Bg2 O-O 6. cxd5 exd5 7. O-O c6 8. Nbd2
Nbd7 9. b3 Re8 10. Bb2 Nf8 11. Ne5 Bf5 12. Ndf3 h6 13. e3 Qc8 14. Rc1 Ne4 15.
Nd2 Nxd2 16. Qxd2 f6 17. Bxd5+ Be6 18. Bxe6+ Qxe6 19. Nd3 Nd7 20. Nf4 Qf7 21. d5
g5 22. dxc6 bxc6 23. Qxd7 gxf4 24. Qg4+ Kh7 25. Qxf4 Rg8 26. Qf5+ Rg6 27. Rxc6
Rg8 28. Rfc1 Kg7 29. Rc7 h5 30. Rd1 h4 31. Rxe7 Qxe7 32. Rd7 Qxd7 33. Qxd7+ Kh6
34. Qh3 Kg7 35. Qxh4 Rh8 36. Qa4 Rh3 37. Qxa7+ Kf8 38. Qb8+ Ke7 39. Qc7+ Kf8 40.
Qc8+ {Black resigns} 1-0

[Event "Team 45 45 League T63"]
[Site "Internet Chess Club"]
[Date "2014.12.03"]
[Round "1"]
[White "Innes"]
[Black "Jyzzslynggur"]
[Result "0-1"]
[WhiteElo "1596"]
[BlackElo "1678"]
[Opening "French: advance, Milner-Barry gambit"]
[ECO "C02"]
[Time "17:00:57"]
[TimeControl "2700+45"]

1. e4 e6 2. d4 d5 3. e5 c5 4. c3 Nc6 5. Nf3 Qb6 6. Bd3 cxd4 7. cxd4 Bd7 8. O-O
Nxd4 9. Nxd4 Qxd4 10. Nc3 a6 11. Qe2 Rc8 12. Kh1 Bc5 13. f4 Nh6 14. h3 Ba7 15.
Bd2 Nf5 16. Bxf5 exf5 17. Rae1 Be6 18. Rf3 Qb6 19. Be3 d4 20. Bg1 O-O 21. Qd2
Rc4 22. Ne2 Rfc8 23. Rc1 Rxc1 24. Nxc1 Bd5 25. Rd3 Qg6 26. Nb3 Be4 27. Bxd4 Bxd3
28. Qxd3 Rd8 29. Qc4 Bxd4 30. Nxd4 h5 31. Nf3 Rd1+ 32. Kh2 Qc6 33. Qb3 Qc1 34.
Ng5 Rh1+ 35. Kg3 Qe1+ 36. Kf3 Rf1# {White checkmated} 0-1

[Event "Team 45 45 League T63"]
[Site "Internet Chess Club"]
[Date "2014.11.30"]
[Round "1"]
[White "kingphisch"]
[Black "burnsy"]
[Result "1/2-1/2"]
[WhiteElo "1500"]
[BlackElo "1603"]
[Opening "Sicilian: closed"]
[ECO "B23"]
[Time "12:01:55"]
[TimeControl "2700+45"]

1. e4 c5 2. Nc3 e6 3. g3 Nc6 4. Bg2 a6 5. Nf3 d5 6. O-O Nf6 7. d3 b5 8. Bd2 b4
9. Ne2 dxe4 10. dxe4 Nxe4 11. Qe1 Nxd2 12. Nxd2 Bb7 13. Rd1 Qc7 14. Nc4 Be7 15.
c3 a5 16. b3 O-O 17. Nc1 Nd8 18. Bxb7 Nxb7 19. Nd3 Bf6 20. Nde5 Rfd8 21. Rxd8+
Rxd8 22. cxb4 cxb4 23. Qe2 Rd5 24. f4 Nd6 25. Qc2 Nxc4 26. Qxc4 Qxc4 27. Nxc4
Bc3 28. Kg2 h5 29. h3 g6 30. Rf2 Rc5 31. Re2 a4 32. Kf3 axb3 33. axb3 Rd5 34.
Kg2 Rd1 35. Ra2 Rb1 36. Na5 Rb2+ 37. Rxb2 Bxb2 38. Nc4 Bc3 39. Ne5 Bxe5 40. fxe5
Kg7 41. Kf3 f6 42. Ke4 g5 43. g4 hxg4 44. exf6+ Kxf6 45. hxg4 Ke7 46. Kd4 Kd6
47. Ke4 Ke7 48. Kd4 Kf6 49. Ke4 {Game drawn by mutual agreement} 1/2-1/2

[Event "Team 45 45 League T63"]
[Site "Internet Chess Club"]
[Date "2014.11.29"]
[Round "1"]
[White "frank001"]
[Black "justice02"]
[Result "0-1"]
[WhiteElo "1800"]
[BlackElo "1773"]
[Opening "Caro-Kann defense"]
[ECO "B15"]
[Time "23:00:22"]
[TimeControl "2700+45"]

1. e4 d5 2. d4 c6 3. Nc3 a6 4. a3 g6 5. h3 f5 6. exd5 cxd5 7. Bf4 Bh6 8. Qd2
Bxf4 9. Qxf4 Nf6 10. O-O-O Nc6 11. g3 O-O 12. Bg2 Ne4 13. Bxe4 fxe4 14. Qe3 Qd6
15. Rh2 b5 16. Nce2 b4 17. a4 Bd7 18. b3 Na5 19. Nf4 Rac8 20. Kb1 Rc3 21. Qd2
Rfc8 22. Nge2 e3 23. fxe3 Nxb3 24. cxb3 Rxb3+ 25. Ka2 Bxa4 26. Rc1 Rcc3 27. Rxc3
bxc3 28. Qc1 Rb2+ 29. Qxb2 cxb2 30. Kxb2 Qb4+ 31. Kc1 Qc4+ 32. Kd2 Qc2+ 33. Ke1
Qe4 34. Kf2 g5 35. Nh5 Bd7 36. g4 a5 37. Rg2 a4 38. Rg1 Bb5 39. Nhg3 Qc2 40. Rc1
Qb2 41. Rc8+ Kf7 42. Kf3 Bxe2+ 43. Nxe2 a3 44. Rc7 a2 45. Nc3 a1=Q 46. Nxd5 Qh1+
{White resigns} 0-1

[Event "Team 45 45 League T63"]
[Site "Internet Chess Club"]
[Date "2014.12.01"]
[Round "1"]
[White "Grenadier"]
[Black "QuieroAprender"]
[Result "1-0"]
[WhiteElo "1593"]
[BlackElo "1633"]
[Opening "Ruy Lopez: modern Steinitz defense, fianchetto (Bronstein) variation"]
[ECO "C76"]
[Time "18:30:57"]
[TimeControl "2700+45"]

1. e4 e5 2. Nf3 Nc6 3. Bb5 a6 4. Ba4 d6 5. c3 Bd7 6. d4 g6 7. O-O exd4 8. cxd4
Bg7 9. Be3 Nge7 10. Nbd2 O-O 11. a3 Qe8 12. Bc2 f5 13. exf5 Nxf5 14. Bxf5 Bxf5
15. Qb3+ Kh8 16. Qxb7 Qd7 17. Rac1 Nd8 18. Qxa8 Bd3 19. Rfe1 c6 20. d5 c5 21. b4
Bb2 22. bxc5 Bxa3 23. c6 Qc7 24. Rc3 Be4 25. Nxe4 {Black resigns} 1-0

[Event "Team 45 45 League T63"]
[Site "Internet Chess Club"]
[Date "2014.12.01"]
[Round "1"]
[White "smsxman"]
[Black "zepled37"]
[Result "0-1"]
[WhiteElo "1429"]
[BlackElo "1661"]
[Opening "Sicilian defense"]
[ECO "B40"]
[Time "18:03:29"]
[TimeControl "2700+45"]

1. e4 c5 2. Nf3 e6 3. Nc3 Nc6 4. Bb5 Nge7 5. d4 cxd4 6. Nxd4 Nxd4 7. Qxd4 Nc6 8.
Bxc6 bxc6 9. Bh6 c5 10. Qe5 d6 11. O-O-O dxe5 12. Rxd8+ Kxd8 13. Rd1+ Bd7 14.
Bg5+ Be7 15. Bxe7+ Kxe7 16. b3 Rhd8 17. Re1 Bc6 18. f3 Rd7 19. Nd1 Rad8 20. Nf2
Bb5 21. a4 Ba6 22. c4 f6 23. Rd1 Rxd1+ 24. Nxd1 Rxd1+ 25. Kxd1 Kd6 26. Kd2 Bb7
27. Ke3 Kc6 28. g4 Kb6 29. Kd3 Ka5 30. Kc3 g5 31. Kc2 Kb4 32. Kb2 Bc6 33. Kc2
Bxa4 34. bxa4 Kxa4 35. Kb2 Kb4 {White resigns} 0-1

[Event "Team 45 45 League T63"]
[Site "Internet Chess Club"]
[Date "2014.12.01"]
[Round "1"]
[White "GoIrish"]
[Black "olivermx"]
[Result "1-0"]
[WhiteElo "1592"]
[BlackElo "1341"]
[Opening "Réti: King's Indian attack (Barcza system)"]
[ECO "A07"]
[Time "20:32:04"]
[TimeControl "2700+45"]

1. Nf3 d5 2. g3 Nf6 3. Bg2 c5 4. O-O Nc6 5. d3 e5 6. Nbd2 Be7 7. e4 d4 8. Ne1
O-O 9. f4 Be6 10. f5 Bd7 11. g4 Ne8 12. Nef3 f6 13. a3 Nd6 14. Qe1 a5 15. Qg3 b5
16. Nh4 Be8 17. Ndf3 Nf7 18. Qh3 Ng5 19. Nxg5 fxg5 20. Nf3 h6 21. Qg3 Bf6 22.
Kf2 Bf7 23. Rh1 c4 24. h4 gxh4 25. Nxh4 Bxh4 26. Rxh4 Qf6 27. g5 hxg5 28. Bxg5
Qd6 29. Rah1 Be8 30. Bf3 {Black resigns} 1-0

[Event "Team 45 45 League T63"]
[Site "Internet Chess Club"]
[Date "2014.11.29"]
[Round "1"]
[White "QuieroAprender"]
[Black "CaptK"]
[Result "0-1"]
[WhiteElo "1653"]
[BlackElo "1750"]
[Opening "French defense, Steiner variation"]
[ECO "C00"]
[Time "19:17:01"]
[TimeControl "2700+45"]

1. e4 e6 2. c4 c5 3. Nc3 Nc6 4. Nf3 Nd4 5. Nxd4 cxd4 6. Ne2 e5 7. Ng3 Nf6 8. a3
d6 9. h3 Be6 10. d3 a6 11. f4 b5 12. f5 Bd7 13. b4 Bc6 14. Bg5 Be7 15. Bxf6 Bxf6
16. Rc1 Bg5 17. Rc2 bxc4 18. dxc4 Ba4 19. Qd3 Bxc2 20. Qxc2 Bh4 21. Qa4+ Kf8 22.
Qb3 Qg5 23. Kf2 Qf4+ 24. Qf3 Bxg3+ 25. Ke2 Rc8 26. Qxf4 Bxf4 27. Kd3 Ke7 28. Be2
Rc7 29. Kc2 g6 30. Kb3 gxf5 31. exf5 Rg8 32. Bf3 Rb8 33. Be4 Rbc8 34. Bd3 d5 35.
c5 a5 36. Ba6 Ra8 37. Bb5 axb4 38. a4 Bd2 39. c6 Kd6 40. Rd1 Bc3 {White resigns}
0-1

[Event "Team 45 45 League T63"]
[Site "Internet Chess Club"]
[Date "2014.11.29"]
[Round "1"]
[White "tryanything"]
[Black "pcvan"]
[Result "0-1"]
[WhiteElo "1541"]
[BlackElo "1559"]
[Opening "Scandinavian: Pytel-Wade variation"]
[ECO "B01"]
[Time "18:02:39"]
[TimeControl "2700+45"]

1. e4 d5 2. exd5 Qxd5 3. Nc3 Qd6 4. d4 c6 5. Nf3 Nf6 6. Be2 Bf5 7. O-O Nbd7 8.
a3 e6 9. b4 Be7 10. g3 Nb6 11. Bf4 Qd8 12. Re1 Nbd5 13. Nxd5 Nxd5 14. Bd2 O-O
15. c4 Nf6 16. Bf1 Qc7 17. Bf4 Bd6 18. Ne5 Rad8 19. c5 Bxe5 20. Bxe5 Qe7 21. Bd6
Qd7 22. Bxf8 Kxf8 23. Qf3 Nd5 24. h3 Qe7 25. g4 Bg6 26. Bd3 Bxd3 27. Qxd3 Qh4
28. Qf3 g5 29. Rxe6 Nf4 30. Re3 Rxd4 31. Rae1 Kg7 32. Qg3 Qh6 33. Kh2 Qf6 34.
Qf3 Rd2 35. Re5 Qd8 36. Re7 Qd4 37. R7e3 Qb2 38. Rf1 Nd5 39. Rd3 Qe5+ 40. Kg1
Re2 41. Qg3 Qf6 42. Qf3 Nf4 43. Rd6 Qe5 44. Rc1 Rb2 45. Qc3 Ne2+ {White resigns}
0-1